 Dungeon Crawl Stone Soup version 0.18.1-50-g88ac8fd (webtiles) character file.

56 Kednathgar the Poker (level 3, -1/30 HPs)
             Began as a Minotaur Gladiator on Oct 3, 2016.
             Slain by Sigmund
             ... wielding a +0 scythe
              (2 damage)
             ... on level 3 of the Dungeon.
             The game lasted 00:14:40 (2282 turns).

Kednathgar the Poker (Minotaur Gladiator)           Turns: 2282, Time: 00:14:40

Health: -1/30      AC:  5    Str: 20    XL:     3   Next: 71%
Magic:  2/2        EV: 13    Int:  5    God:
Gold:   104        SH:  0    Dex: 10    Spells: 0 memorised, 2 levels left

rFire  . . .     SeeInvis .     r - -1 hunting sling
rCold  . . .     Gourm    .     b - +0 leather armour
rNeg   . . .     Faith    .     (no shield)
rPois  .         Spirit   .     c - +0 hat
rElec  .         Dismiss  .     t - +0 cloak
rCorr  .         Reflect  .     (no gloves)
SustAt .         Harm     .     j - +0 pair of boots
MR     .....                    (no amulet)
Stlth  ..........               (no ring)
                                (no ring)

@: confused, not resistant to hostile enchantments, extremely unstealthy
A: retaliatory headbutt, horns 2
a: no special abilities


You were on level 3 of the Dungeon.
You were not hungry.

You visited 1 branch of the dungeon, and saw 3 of its levels.

You collected 104 gold pieces.

Inventory:

Hand Weapons
 a - a +1 trident
 g - a +0 club
 h - a +0 club
 i - a +0 whip
 p - a +0 short sword
 r - a -1 hunting sling (weapon)
 v - a +0 dagger
Missiles
 d - 3 throwing nets
 e - 97 stones (quivered) {Ultragay}
 q - 26 bolts
Armour
 b - a +0 leather armour (worn)
 c - a +0 hat (worn)
 j - a +0 pair of boots (worn)
 s - a +0 large shield
 t - a +0 cloak (worn)
Scrolls
 n - a scroll of amnesia
 o - a scroll of teleportation
Potions
 k - a potion of agility {unknown}
Comestibles
 f - 3 bread rations
 l - a meat ration


   Skills:
 + Level 2.8 Fighting
 + Level 4.2 Polearms
 + Level 2.2 Throwing
 + Level 1.2 Armour
 + Level 4.1 Dodging
 + Level 0.1 Stealth


You had 2 spell levels left.
You didn't know any spells.

Dungeon Overview and Level Annotations

Branches:
Dungeon (3/15)

Altars:

Annotations:
D:3 Sigmund; baghtru's ghost, amateur HOFi


Innate Abilities, Weirdness & Mutations

You reflexively headbutt those who attack you in melee.
You have a pair of horns on your head.


Message History

Unknown command.
Firing (i - inventory. (,) - cycle):
e - 100 stones (quivered)
{Ultragay}
Press: ? - help, Shift-Dir - straight line, f/p - Sigmund
Aim: Sigmund, wielding a scythe and wearing a robe (moderately wounded)
You shoot a stone {Ultragay}.
The stone {Ultragay} misses the giant newt.
The giant newt barely misses you.
Firing (i - inventory. (,) - cycle):
e - 99 stones (quivered)
{Ultragay}
Press: ? - help, Shift-Dir - straight line, f/p - Sigmund
Aim: Sigmund, wielding a scythe and wearing a robe (moderately wounded)
You shoot a stone {Ultragay}.
Sigmund points at you and mumbles some strange words.
You resist with significant effort. The giant newt completely misses you.
Firing (i - inventory. (,) - cycle):
e - 98 stones (quivered)
{Ultragay}
Press: ? - help, Shift-Dir - straight line, f/p - Sigmund
Aim: Sigmund, wielding a scythe and wearing a robe (moderately wounded)
You shoot a stone {Ultragay}.
The stone {Ultragay} misses the giant newt.
Sigmund hits you with a scythe.
You die...

>....#..# .# ..#..?..# .# #....
..#....(##.# .......
#.#....((#.# #.#..<#
##.#.###..#.# #.#...# ##..#.#
#(...# #.....###.....# #....###
#...#...(....@###......###.
#..##......l@(.####..#.....
#####...............###...###..
#.....)..............รท#...##
....##.#...................#
##.###.#.(.........#.....#....#
#..##..#.#...##...##########..#
#.###.##.########## ..#
..##.....# ## .###..####


You could see Sigmund and a giant newt.

Vanquished Creatures
  An adder (D:2)
  3 worms (D:2)
  A giant gecko (D:2)
  5 bats
  3 giant cockroaches
  5 goblins
  3 hobgoblins
  4 jackals (D:2)
  A ball python (D:3)
  5 kobolds
  7 rats
38 creatures vanquished.

Notes
Turn   | Place    | Note
--------------------------------------------------------------
     0 | D:1      | Kednathgar the Minotaur Gladiator began the quest for the Orb.
     0 | D:1      | Reached XP level 1. HP: 18/18 MP: 0/0
   467 | D:1      | Reached XP level 2. HP: 25/25 MP: 1/1
  1010 | D:2      | Reached XP level 3. HP: 30/30 MP: 2/2
  1657 | D:2      | Reached skill level 1 in Armour
  1885 | D:3      | Noticed baghtru's ghost (amateur HOFi)
  1915 | D:3      | Noticed Sigmund
  2279 | D:3      | HP: 1/30 [Sigmund/scythe (1)]
  2282 | D:3      | Slain by Sigmund

Skill      XL: |  1  2  3 |
---------------+----------+-----
Polearms       | 4 |  4.2
Dodging        | 4 |  4.1
Armour         | 1 |  1.2
Fighting       | |  2.8
Throwing       | |  2.2
Stealth        | |  0.1

Action                   || total
-------------------------++-------
Melee: Trident           ||    83
       Headbutt          ||     7
 Fire: Hunting sling     ||    20
  Use: Scroll            ||     6
 Stab: Sleeping          ||     1
  Eat: Meat ration       ||     1
       Chunk             ||     1
Armor: Leather armour    ||    29
Dodge: Dodged            ||    78
